AoeStats
← TIMVP

Arabia

508643790Analyzed
1v1 RM · 9d ago on Sep 23, 2026· 26m 23s· 2 players
Game mode
Random Map
Map size
Tiny (2 player)
Population
200
Speed
Normal
Resources
Standard
Victory
Conquest
Starting age
Dark Age
Ending age
Imperial Age
RankedLock teamsTeams togetherTeam positionsShared explorationLock speedFull tech treeHidden civsTurbo modeCheats
Victory
Defeat
🇪🇸 Burgundians · Spain
613
+13
🇵🇪 Romans · Peru
550
-13
Whisper x
0:29 Loom
6:59 Wheelbarrow
6:52 Double-Bit Axe
14:51 Feudal Age
14:22 Gold Mining
14:25 Stone Mining
22:12 Castle Age
22:46 Bow Saw
22:16 Cavalier
22:57 Husbandry
23:17 Forging
24:29 Scale Barding Armor
TIMVP
12:34 Feudal Age
13:01 Double-Bit Axe
13:56 Wheelbarrow
13:20 Gold Mining
21:51 Castle Age
20:10 Gold Mining
20:13 Stone Mining
20:47 Gold Mining
21:43 Man-at-Arms
24:24 Long Swordsman
Connection lost

Rejoining the realm…

Still unreachable

The connection could not be restored.

Session expired

The server has moved on; the page needs a fresh start.